AoeStats
← きしツ

African Clearing

506660104Analyzed
4v4 RM · 17d ago on Sep 14, 2026· 44m 43s· 8 players
Game mode
Random Map
Map size
Large (8 player)
Population
200
Speed
Normal
Resources
Standard
Victory
Conquest
Starting age
Dark Age
Ending age
Imperial Age
RankedLock teamsTeams togetherTeam positionsShared explorationLock speedFull tech treeHidden civsTurbo modeCheats
Victory
Defeat
🇨🇦 Mongols · Canada
1190
+15
🇹🇼 Burgundians · Taiwan
1121
+19
🇷🇺 Italians · Russia
1119
+18
🇨🇱 Romans · Chile
1119
+18
🇫🇷 Magyars · France
1177
-17
🇦🇹 Koreans · Austria
1176
-18
🇪🇸 Huns · Spain
1173
-18
🇩🇪 Spanish · Germany
1157
-17
hurricanehoffmann
11:15 Loom
13:05 Feudal Age
16:57 Castle Age
17:32 Double-Bit Axe
23:21 Horse Collar
25:09 Fletching
25:46 Padded Archer Armor
29:02 Leather Archer Armor
29:28 Bloodlines
32:36 Husbandry
34:40 Bodkin Arrow
Hijo del águila II
8:38 Loom
12:03 Feudal Age
19:04 Castle Age
35:34 Fletching
37:36 Double-Bit Axe
39:25 Forging
39:28 Horse Collar
43:43 Wheelbarrow
43:43 Scale Barding Armor
KaiZerShift
3:39 Loom
13:23 Feudal Age
14:41 Double-Bit Axe
25:15 Scale Barding Armor
28:52 Castle Age
27:28 Fletching
27:39 Padded Archer Armor
28:57 Horse Collar
29:50 Bodkin Arrow
30:57 Leather Archer Armor
31:31 Elite Skirmisher
33:01 Bow Saw
36:37 Chain Barding Armor
40:46 Thumb Ring
GabberGandalf
9:26 Loom
13:26 Feudal Age
14:42 Double-Bit Axe
21:23 Castle Age
21:44 Wheelbarrow
23:08 Bow Saw
27:29 Gold Mining
30:41 Fishing Lines
32:49 Gillnets
34:57 Fletching
38:25 Hand Cart
38:15 Elite Skirmisher
40:54 Bodkin Arrow
41:01 Scale Mail Armor
aoegamer115
11:09 Feudal Age
12:05 Double-Bit Axe
12:36 Loom
14:00 Town Watch
15:36 Forging
20:11 Castle Age
18:12 Gold Mining
18:13 Stone Mining
19:43 Bloodlines
20:24 Light Cavalry
21:57 Husbandry
22:40 Fletching
24:30 Bow Saw
24:08 Horse Collar
27:13 Bodkin Arrow
27:19 Padded Archer Armor
30:01 Ballistics
31:05 Padded Archer Armor
38:33 Imperial Age
36:52 Leather Archer Armor
37:22 Wheelbarrow
38:36 Elite Mangudai
39:37 Conscription
38:41 Capped Ram
39:48 Drill
40:39 Thumb Ring
40:49 Bracer
40:24 Siege Ram
42:10 Siege Engineers
43:15 Chemistry
43:28 Onager
29
4:40 Loom
7:39 Double-Bit Axe
14:22 Feudal Age
16:02 Wheelbarrow
20:26 Scale Barding Armor
22:05 Bow Saw
22:01 Gold Mining
28:03 Castle Age
28:14 Light Cavalry
28:55 Husbandry
29:27 Hand Cart
28:58 Town Watch
34:33 Two-Man Saw
37:19 Stone Mining
38:04 Gold Shaft Mining
42:11 Sanctity
43:04 Fervor
Puzotron
7:54 Loom
15:15 Feudal Age
19:52 Castle Age
19:22 Fletching
20:23 Horse Collar
20:53 Bodkin Arrow
29:01 Ballistics
37:34 Imperial Age
36:04 Padded Archer Armor
37:25 Gold Mining
37:46 Thumb Ring
39:52 Chemistry
39:19 Bracer
42:14 Leather Archer Armor
43:30 Ring Archer Armor
44:29 Conscription
きしツ
2:56 Loom
11:52 Feudal Age
13:25 Wheelbarrow
12:49 Double-Bit Axe
20:17 Castle Age
18:26 Town Watch
19:51 Bloodlines
21:27 Bow Saw
23:45 Husbandry
24:58 Scale Barding Armor
Connection lost

Rejoining the realm…

Still unreachable

The connection could not be restored.

Session expired

The server has moved on; the page needs a fresh start.